Unix NetHack Version 5.0.0-0 post-release - last build Jul 19 2026 19:10:59 (3aa4ab31751d3886436d94b585a96704892fd477,branch:main).

Game began 2026-07-24 11:45:41, ended 2026-07-24 17:14:08.

Jandor, neutral male human Wizard

                                        --- ---     ---
                                       |..|--.-------.--
                                       |..||...........|         ------
                                        -.-|....|.--..--         |....---
                                        |..|...--------          |.|....|-----
                 ----                   --.....|                 ----...--...--
     ---- -------|..|                    --....--   ----  ----     --.........|
    --..|--..--.--..|              ----   ---*..--  |..-- |..------|.........--
    |...--.........--              |..--    |....|  |...---...|-..|--.....----
    |............|.-------         |...-------...|  ---...)...|...---.....--
    --...........|.....%.|          -......<--...--  --..>...---...........|
  -------....--..|------.|          |-............|---dd....----........--.|
 --.-----...---..|     |%|-----     |......).....---..@d...............--|.---
--....--.....|..--     |.|....-------......[(.)).))...)d..[...---%.....| |...|
|......*.....|.--      |.......%..)))........)..............---|...---.| --..|
--.--..........----    ----...-------...------.|.|......--.--  --..|--.|  ----
 -------..........|       |..--     |...|    -------....|---  ---.-||..--
       --.........|       ----      -----          --...--    |....||...|
        -----------                                 |....|    |....|--.--
                                                    ---.--    ------ ---
                                                      ---
Jandor the Thaumaturge    St:13 Dx:15 Co:17 In:18 Wi:10 Ch:8  Neutral
Dlvl:5  $:331 HP:0(89) Pw:38(62) AC:7  Xp:8/1731 T:10402  Burdened

Latest messages:
 You see here a glass orb.
 You have a little trouble lifting S - a glass orb.
 The newt bites!
 You kill the newt!
 You see here a whistle.
 You see here a whistle.
 You have a little trouble lifting U - a whistle.
 What do you want to use or apply? [citAMQS-UZ or ?*] U
 You produce a strange whistling sound.
 Your candle is getting short.
 You climb up the stairs.
 You hit the wolf.  The wolf bites!  The wolf bites!
 You hit the wolf!  The wolf bites!  The wolf bites!
 You hit the wolf!  The wolf bites!  The wolf bites!  The wolf bites!
 In what direction? 3
 The wolf looks better.  The wolf bites!  The wolf bites!  The wolf bites!  The coyote is almost hit by a dart!  The wolf bites!  The wolf bites!  The wolf bites!
 The wolf bites!
 The coyote misses!  The wolf bites!
 In what direction? .
 You feel better.  The coyote bites!  The wolf bites!  The wolf bites!
 Restoring save file...
 Hello Jandor, the human Wizard, welcome back to NetHack!
 Your movements are slowed slightly because of your load.
 What do you want to write with? [- ac-ejlmtAFKNOR or ?*] -
 You write in the dust with your fingertip.
 What do you want to write in the dust here? Elbereth
 The coyote misses!
 The wolf bites!
 The wolf bites!
 The wolf bites!
 Are you sure you want to pray? [yn] (n) y
 You begin praying to Thoth.
 The coyote bites!
 You die...
 Do you want your possessions identified? [ynq] (y) q

Inventory:
 Coins    ('$')
  $ - 331 gold pieces
 Weapons  (')')
  K - 8 +0 darts
  F - a blessed +1 dagger (weapon in right hand)
  O - 5 +0 daggers
  N - a +0 orcish dagger
  a - a blessed +1 quarterstaff
 Armor    ('[')
  J - an uncursed +1 orcish helm
  h - an uncursed +0 cloak of magic resistance (being worn)
  n - an uncursed +0 elven mithril-coat
  w - an uncursed +0 leather armor (being worn)
 Comestibles  ('%')
  z - 3 uncursed carrots
  Y - an uncursed cram ration
  r - 2 uncursed fortune cookies
  o - an uncursed lembas wafer
  I - 3 uncursed tripe rations
  q - an uncursed lichen corpse
  p - an uncursed lizard corpse
 Scrolls  ('?')
  b - a blessed scroll of amnesia
  H - an uncursed scroll of amnesia
  u - an uncursed scroll of fire
  v - 2 uncursed scrolls of gold detection
 Potions  ('!')
  W - 2 uncursed potions of booze
  y - an uncursed potion of full healing
  G - a cursed potion of full healing
  B - 2 cursed potions of healing
  f - an uncursed potion of monster detection
  D - an uncursed potion of restore ability
  g - an uncursed potion of sleeping
  E - a cursed potion of speed
 Rings    ('=')
  j - a cursed ring of aggravate monster
  e - an uncursed +2 ring of gain constitution
  d - an uncursed ring of slow digestion (on right hand)
 Wands    ('/')
  A - a wand of create monster (0:12)
  c - a wand of speed monster (0:7)
  t - a wand of speed monster (0:7)
 Tools    ('(')
  S - a cursed crystal ball (0:4)
  M - an uncursed lock pick
  U - an uncursed magic whistle
  i - an uncursed mirror
  Q - an uncursed oil lamp
  T - a rusty +0 pick-axe
  Z - a blessed partly used tallow candle (lit)
 Gems/Stones  ('*')
  R - an uncursed aquamarine stone
  m - 2 uncursed worthless pieces of orange glass
  l - an uncursed worthless piece of yellow glass

Jandor the Wizard's attributes:

Background:
 You were a Thaumaturge, a level 8 male human Wizard.
 You were neutral, on a mission for Thoth
 who was opposed by Ptah (lawful) and Anhur (chaotic).
 You were right-handed.
 You were in the Gnomish Mines, on level 5.
 You entered the dungeon 10402 turns ago.
 You had 1731 experience points, 829 more were needed to attain level 9.

Basics:
 You had 0 out of 89 hit points.
 You had 38 out of 62 energy points (spell power).
 Your armor class was 7.
 Your wallet contained 331 zorkmids.
 Autopickup was off.

Final Characteristics:
 Your strength was 13 (limit:18/100).
 Your dexterity was 15 (limit:18).
 Your constitution was 17 (limit:18).
 Your intelligence was 18 (limit:18).
 Your wisdom was 10 (limit:18).
 Your charisma was 8 (limit:18).

Final Status:
 You weren't hungry.
 You were burdened; movement was slightly slowed.
 You were wielding a dagger.
 You had expert skill with dagger.

Final Attributes:
 You were piously aligned.
 You were magic-protected.
 You were poison resistant.
 You were telepathic.
 You had slower digestion.
 You were warded.
 You are dead.

Miscellaneous:
 You didn't encounter any bones levels.
 Total elapsed playing time was 3 hours, 13 minutes and 58 seconds.

Major events:
 Turn
    1: Jandor the neutral male human Wizard entered the dungeon
 1280: attained the rank of Conjurer (level 3)
 6851: attained the rank of Thaumaturge (level 6)
 7196: entered the Gnomish Mines
 8206: reached Mine Town
10402: killed by a coyote, while praying

Spells:
 Name                 Level Category     Fail Retention
 force bolt             1   attack         0%   46%-50%
 create monster         2   clerical      43%   26%-50%
 protection             1   clerical       0%   51%-75%
 healing                1   healing        0%   51%-75%

Skills:
 Fighting Skills
   bare handed combat [Unskilled]
   riding             [Unskilled]
 Weapon Skills
   dagger             [Expert]
   knife              [Unskilled]
   axe                [Unskilled]
   short sword        [Unskilled]
   club               [Unskilled]
   mace               [Unskilled]
   quarterstaff       [Basic]
   polearms           [Unskilled]
   spear              [Unskilled]
   trident            [Unskilled]
   sling              [Unskilled]
   dart               [Unskilled]
   shuriken           [Unskilled]
 Spellcasting Skills
   attack spells      [Skilled]
   healing spells     [Unskilled]
   divination spells  [Unskilled]
   enchantment spells [Basic]
   clerical spells    [Unskilled]
   escape spells      [Unskilled]
   matter spells      [Unskilled]

Voluntary challenges:
 Character rerolling was not enabled.
 You never genocided any monsters.
 You never polymorphed an object.
 You never changed form.
 You used no wishes.
Achievements:
 You attained the rank of Conjurer.
 You attained the rank of Thaumaturge.
 You entered the Gnomish Mines.
 You entered a shop.
 You entered Minetown.
 You entered a temple.

 The Dungeons of Doom: levels 1 to 4
    Level 1:
    Level 2:
       A fountain.
    Level 3:
       Many trees.
       Stairs down to The Gnomish Mines.
    Level 4:
       A fountain.
 The Gnomish Mines: levels 4 to 8
    Level 4:
    Level 5: <- You were here.
       Final resting place for
          you, killed by a coyote, while praying.
    Level 6:
    Level 7:
       Many shops, a temple and an altar, some fountains.
    Level 8:


Vanquished creatures:
  2 small mimics
  a leather golem
  2 spotted jellies
 an iron piercer
  a giant spider
  a gnome ruler
  2 lizards
  a housecat
  2 blue jellies
  a plains centaur
  a mountain nymph
  5 Mordor orcs
  2 rock piercers
  a pony
  a yellow light
  3 shriekers
  7 gnome leaders
  3 gnomish wizards
  a gray ooze
  a little dog
  6 floating eyes
  a kitten
  7 dwarves
  a homunculus
  3 hill orcs
  3 rothes
  4 giant bats
  3 monkeys
 an orc zombie
  2 wererats
  a werejackal
  5 iguanas
  3 acid blobs
  2 coyotes
  2 gas spores
  3 hobbits
  7 manes
  a large kobold
  2 hobgoblins
  6 giant rats
  a brown mold
  2 yellow molds
  a green mold
  2 red molds
 42 gnomes
  3 gnome zombies
  8 geckos
 10 jackals
  3 foxes
  5 kobolds
  3 goblins
  6 sewer rats
  9 grid bugs
  7 lichens
  4 kobold zombies
 16 newts
224 creatures vanquished.

No species were genocided or became extinct.

Game over:
                       ----------
                      /          \
                     /    REST    \
                    /      IN      \
                   /     PEACE      \
                  /                  \
                  |      Jandor      |
                  |      331 Au      |
                  |   killed by a    |
                  |      coyote      |
                  |                  |
                  |                  |
                  |       2026       |
                 *|     *  *  *      | *
        _________)/\\_//(\/(/\)/\//\/|_)_______

Goodbye Jandor the Wizard...

You died in The Gnomish Mines on dungeon level 5 with 7572 points,
and 331 pieces of gold, after 10402 moves.
You were level 8 with a maximum of 89 hit points when you died.

